 Dungeon Crawl Stone Soup version 0.29-a0-119-g4040846114 (webtiles) character file.

Game seed: 4462869477031405419

64 cyrus the Covered (level 4, -1/24 HPs)
             Began as a Vine Stalker Fighter on Feb 20, 2022.
             Was an Initiate of the Shining One.
             Killed from afar by Natasha (6 damage)
             ... with a puff of flame
             ... on level 2 of the Dungeon.
             The game lasted 00:01:46 (720 turns).

cyrus the Covered (Vine Stalker Fighter)             Turns: 720, Time: 00:01:46

Health: -1/24      AC:  6    Str: 18    XL:     4   Next: 12%
Magic:  0/5        EV:  9    Int: 10    God:    the Shining One [......]
Gold:   37         SH:  5    Dex: 14    Spells: 3/3 levels left

rFire   . . .      SeeInvis .   a - +0 war axe
rCold   . . .      Faith    .   c - +0 buckler
rNeg    . . .      Spirit   +   b - +0 scale mail
rPois   .          Reflect  .   (no helmet)
rElec   .          Harm     .   (no cloak)
rCorr   .          Rampage  .   (no gloves)
Will    .....                   (no boots)
Stlth   ..........              (no amulet)
HPRegen 0.88/turn               (no ring)
MPRegen 0.09/turn               (no ring)

@: glowing
A: fangs 2, regeneration 1, magic shield, antimagic bite, no potion heal 2
a: Renounce Religion


You were on level 2 of the Dungeon.
You worshipped the Shining One.
The Shining One was noncommittal.
You visited 1 branch of the dungeon, and saw 2 of its levels.

You collected 37 gold pieces.

Inventory:

Hand Weapons
 a - a +0 war axe (weapon)
Armour
 b - a +0 scale mail (worn)
 c - a +0 buckler (worn)
Scrolls
 f - a scroll of identify {unknown}
 g - a scroll of teleportation {unknown}
Potions
 d - a potion of mutation {unknown}
 e - 2 potions of curing {unknown}


   Skills:
 + Level 3.0 Fighting
 + Level 2.5 Axes
 + Level 3.1 Armour
 + Level 0.1 Dodging
 + Level 3.0 Shields


You had 3 spell levels left.
You didn't know any spells.
Your spell library contained the following spells:

 Spells                   Type           Power      Damage    Failure   Level
 Apportation              Tloc           0%         N/A       83%         1
 Alistair's Intoxication  Tmut/Pois      0%         N/A       100%        5


Dungeon Overview and Level Annotations

Branches:
Dungeon (1/15)

Altars:
The Shining One

Annotations:
D:2 Natasha


Innate Abilities, Weirdness & Mutations

You have extremely sharp teeth.
Your natural rate of healing is unusually fast.
When hurt, damage is shared between your health and your magic reserves.
Your bite disrupts and absorbs the magic of your enemies.
Potions cannot restore your health.


Message History

Natasha claws you!
* * * LOW HITPOINT WARNING * * *
Natasha zaps a wand.
The puff of flame misses you.
Natasha mumbles some strange words.
Natasha mumbles some strange words.
You feel disoriented. Natasha claws you but does no damage. Natasha claws you.
Natasha casts a spell.
You barely miss the crimson imp. Your bite misses the crimson imp.
You barely miss Natasha. Natasha casts a spell at you. The magic dart hits you.
The crimson imp closely misses you.
Natasha zaps a wand.
The puff of flame hits you but does no damage.
The crimson imp hits you.
* * * LOW HITPOINT WARNING * * *
You hit the crimson imp.
You bite the crimson imp, but do no damage.
The crimson imp is lightly wounded.
You closely miss Natasha.
You feel yourself speed up. Natasha closely misses you.
The crimson imp hits you but does no damage.
Natasha claws you.
* * * LOW HITPOINT WARNING * * *
You block the crimson imp's attack.
You closely miss the crimson imp. You bite the crimson imp.
The crimson imp's magic leaks into the air.
You drain its magic.
The crimson imp is lightly wounded.
You hit Natasha.
The crimson imp's magic is no longer disrupted.
Natasha stares at you and mumbles some strange words.
You resist with some effort. The crimson imp hits you.
* * * LOW HITPOINT WARNING * * *
You closely miss Natasha.
Natasha is moderately wounded.
You hit the crimson imp.
Natasha zaps a wand.
The puff of flame hits you.
You die...

#..## #...#
#.#.### #
#.#...##.#
#.#......#
#.#...#### #.#>.##
#5#..# #######
#@#..#######......
#h#..........#....
#5.........###.###
#######.##.##...##
#.##.#.....#
#.##........
#.####.....# #.#
##...## #.# ##....


You could see an iron imp (summoned), Natasha and a crimson imp (summoned).

Vanquished Creatures
  Natasha (twice) (D:2)
  2 bats (D:1)
  An endoplasm (D:1)
  A quokka (D:1)
  3 ball pythons
  A frilled lizard (D:1)
  A goblin (D:1)
  2 kobolds
  2 rats (D:1)
15 creatures vanquished.

Notes
Turn   | Place    | Note
-------+----------+-------------------------------------------
     0 | D:1      | cyrus the Vine Stalker Fighter began the quest for the Orb.
     0 | D:1      | Reached XP level 1. HP: 11/11 MP: 2/2
   248 | D:1      | Reached XP level 2. HP: 16/16 MP: 3/3
   387 | D:1      | You fall into a shaft and drop 1 floor!
   495 | D:2      | Found a glowing golden altar of the Shining One.
   498 | D:2      | Noticed Natasha
   504 | D:2      | Killed Natasha
   505 | D:2      | Reached XP level 3. HP: 13/19 MP: 1/4
   510 | D:2      | Became a worshipper of the Shining One
   531 | D:2      | Noticed Natasha
   537 | D:2      | Killed Natasha
   538 | D:2      | Gained mutation: Your natural rate of healing is unusually
                  | fast. [Vine Stalker growth]
   538 | D:2      | Reached XP level 4. HP: 2/24 MP: 2/5
   689 | D:2      | Noticed Natasha
   699 | D:2      | The Shining One protects you from harm!
   720 | D:2      | Killed from afar by Natasha

Illustrated notes

Levels and vault maps discovered:
D:1:      denvon_arrival_hothouse, layout_rooms
D:2:      layout_loops_ring, basic_altar, chequers_ecumenical_altar_island,
          serial_rivers, chequers_serial_rivers_marsh,
          chequers_serial_rivers_small_b, chequers_serial_rivers_room_a,
          chequers_serial_rivers_small_a, chequers_serial_rivers_micro_b,
          chequers_serial_rivers_small_3, uniq_natasha

Skill      XL: |  1  2  3 |
---------------+----------+-----
Axes           | 2 |  2.5
Fighting       | 3 |  3.0
Armour         | 3 |  3.1
Shields        | 3 |  3.0
Dodging        | |  0.1

Action                   |  1- 3 |  4- 6 || total
-------------------------+-------+-------++-------
Melee: War axe           |    37 |    13 ||    50
       Bite              |     5 |     5 ||    10
  Use: Potion            |     1 |       ||     1
Armor: Scale mail        |    15 |    15 ||    30
Dodge: Dodged            |    22 |     7 ||    29
Block: Buckler           |    11 |     4 ||    15

Table legend: (Time is in decaauts)
 A = Elapsed time spent in this place.
 B = Non-inter-level travel time spent in this place.
 C = Inter-level travel time spent in this place.
 D = Time resting spent in this place.
 E = Time spent auto-exploring this place.
 F = Levels seen in this place.
 G = Mean time per level.
                   A        B        C        D        E       F      G
               +--------+--------+--------+--------+--------+-----+--------+
         Total |    751 |    751 |      0 |    131 |    413 |   2 |  375.5 |
       Dungeon |    751 |    751 |      0 |    131 |    413 |   2 |  375.5 |
               +--------+--------+--------+--------+--------+-----+--------+

Top non-repeatable levels by time:
     D:1: 399 daAuts
     D:2: 351 daAuts
